 Dungeon Crawl Stone Soup version 0.26-a0-854-gdc81c2f471 (webtiles) character file.

Game seed: 5132703619542683394

3498 sirboomalot the Carver (level 10, -7/68 HPs)
             Began as an Octopode Fighter on Nov 24, 2020.
             Was a Believer of Ru.
             Mangled by a yak (11 damage)
             ... on level 9 of the Dungeon.
             The game lasted 00:24:23 (8020 turns).

sirboomalot the Carver (Octopode Fighter)           Turns: 8020, Time: 00:24:23

Health: -7/68      AC:  5    Str: 16      XL:     10   Next: 7%
Magic:  10/10      EV: 17    Int: 10 (11) God:    Ru [**....]
Gold:   542        SH:  0    Dex: 12      Spells: 9/9 levels left

rFire    . . .     SeeInvis .   u - +1 great sword
rCold    . . .     Faith    .   (shield currently unavailable)
rNeg     . . .     Spirit   .   (helmet restricted)
rPois    .         Reflect  .   (no amulet)
rElec    .         Harm     .   l - +4 ring of protection
rCorr    .         Rampage  .   q - ring of flight
MR       .....                  (no ring)
Stlth    ..........             (no ring)
HPRegen  0.21/turn              (no ring)
MPRegen  0.12/turn              (no ring)
                                (no ring)
                                (no ring)

@: no status effects
A: almost no armour, stealthy swim, amphibious, 8 rings, constrict 8, antennae
1, camouflage 1, clumsy 1, deterioration 1, mutation resistance 1, gelatinous
body 1, no stealth, unskilled 1
a: Renounce Religion, Evoke Flight


You were on level 9 of the Dungeon.
You worshipped Ru.
Ru was pleased with you.
You visited 2 branches of the dungeon, and saw 10 of its levels.

You collected 542 gold pieces.

Inventory:

Hand Weapons
 k - a +2 scimitar of holy wrath
 u - a +1 great sword (weapon)
 w - a +4 scimitar of flaming
Jewellery
 l - a +4 ring of protection (left tentacle)
 q - a ring of flight (right tentacle)
Wands
 a - a wand of flame (18)
Scrolls
 b - 4 scrolls of enchant armour
 d - 6 scrolls of teleportation
 f - 3 scrolls of blinking {unknown}
 g - 2 scrolls of fear
 h - a scroll of amnesia
 m - a scroll of fog
 n - a scroll of enchant weapon
 r - 3 scrolls of remove curse
 s - a scroll of summoning
 t - a scroll of immolation {unknown}
Potions
 c - a potion of might
 e - 6 potions of curing
 j - 3 potions of brilliance
 p - a potion of flight


   Skills:
 + Level 6.1 Fighting
 + Level 9.6 Long Blades
 * Level 7.3 Dodging
 - Level 2.6 Shields


You had 9 spell levels left.
You didn't know any spells.
Your spell library contained the following spells:

 Spells                   Type           Power        Failure   Level
 Animate Skeleton         Necr           #.....       36%         1
 Apportation              Tloc           #.....       36%         1
 Corona                   Hex            #......      36%         1
 Summon Small Mammal      Summ           #...         36%         1


Dungeon Overview and Level Annotations

Branches:
Dungeon (9/15)             Temple (1/1) D:4            Lair (0/6) D:8
    Orc (0/2) D:9

Altars:
Ashenzari
Cheibriados
Dithmenos
Elyvilon
Fedhas
Gozag
Hepliaklqana
Kikubaaqudgha
Makhleb
Nemelex Xobeh
Okawaru
Qazlal
Ru
Sif Muna
Trog
Uskayaw
Vehumet
Wu Jian
Xom
Yredelemnul
Zin
The Shining One


Innate Abilities, Weirdness & Mutations

You cannot wear most types of armour.
You are very stealthy in the water. (Stealth+)
You are amphibious.
You can wear up to eight rings at the same time.
You can use your tentacles to constrict eight enemies at once.
Your skin changes colour to match your surroundings (Stealth+).
Your rubbery body absorbs attacks. (AC +1, EV +1)
You cannot be stealthy.
You are somewhat unskilled. (-1 Apt)
You have a pair of small antennae on your head.
You are clumsy. (Dex -2)
Your body sometimes deteriorates upon taking damage.
You are somewhat resistant to further mutation.


Message History

The yak closely misses you. The yak barely misses you.
You riposte.
You slash the yak!
You kill the yak!
You feel your strength returning.
You hit the yak but do no damage. The yak gores you but does no damage.
The yak misses you. The yak completely misses you.
You hit the yak. Your squeeze misses the yak.
The yak is lightly wounded.
The yak misses you. The yak gores you. The yak closely misses you.
You riposte.
You hit the yak but do no damage.
The yak is lightly wounded.
You slash the yak! You squeeze the yak.
The yak is heavily wounded.
The yak gores you! x2
* * * LOW HITPOINT WARNING * * *
The yak barely misses you. The yak gores you!
* * * LOW HITPOINT WARNING * * *
Your body deteriorates!
You feel dopey. The yak gores you!
You die...

.##.##.#.##.#
..#.#.##.##.#
....##.#.##.##
##..#.##.#...##
##............# #
#....####...########.##
###### ##..##.........
##.##.†Y....##
#.#..@Y5.....
#.....Y##....
#........### .
........### ##....###
##... #... #... #..


You could see 3 yaks and an ufetubus.

Vanquished Creatures
  Erica (D:8)
  Pikel (D:7)
  A yak (D:9)
  Menkaure (D:5)
  A water moccasin (D:7)
  A sky beast (D:6)
  A black bear (D:6)
  A centaur (D:9)
  2 bullfrogs
  Blork the orc (D:4)
  4 killer bees (D:8)
  13 wights
  3 howler monkeys (D:8)
  A bullfrog zombie (D:5)
  A centaur zombie (D:7)
  A centaur skeleton (D:4)
  A gnoll shaman (D:4)
  An orc priest (D:7)
  A jelly (D:8)
  A bullfrog skeleton (D:6)
  2 iguanas
  3 orc wizards (D:7)
  4 worker ants
  Terence (D:2)
  A hound zombie (D:7)
  A howler monkey zombie (D:6)
  A worker ant zombie (D:6)
  4 gnolls (D:4)
  9 adders
  2 white imps
  An ufetubus (D:7)
  2 oozes
  An adder skeleton (D:6)
  2 adder zombies
  2 dart slugs (D:2)
  2 worms
  6 leopard geckos
  16 orcs
  A ball python (D:4)
  4 giant cockroaches
  9 goblins
  5 hobgoblins
  5 kobolds
  8 quokkas
  3 bats
  6 frilled lizards
  A leopard gecko skeleton (D:8)
  6 rats
  A bush (D:4)
147 creatures vanquished.

Vanquished Creatures (others)
  3 withered plants (D:7)
3 creatures vanquished.

Grand Total: 150 creatures vanquished

Notes
Turn   | Place    | Note
-------+----------+-------------------------------------------
     0 | D:1      | sirboomalot the Octopode Fighter began the quest for the
                  | Orb.
     0 | D:1      | Reached XP level 1. HP: 16/16 MP: 1/1
   163 | D:1      | Reached XP level 2. HP: 21/21 MP: 2/2
   906 | D:2      | Reached XP level 3. HP: 26/26 MP: 3/3
   935 | D:2      | Found a blossoming altar of Fedhas.
  1241 | D:2      | Noticed Terence
  1267 | D:2      | Killed Terence
  1268 | D:2      | Reached XP level 4. HP: 16/32 MP: 4/4
  1699 | D:2      | Found an iron altar of Okawaru.
  1705 | D:2      | Found a sacrificial altar of Ru.
  1710 | D:2      | Became a worshipper of Ru the Awakened
  2387 | D:3      | Reached XP level 5. HP: 37/37 MP: 5/5
  2393 | D:3      | Found an opulent altar of Gozag.
  2393 | D:3      | Found a sparkling altar of Nemelex Xobeh.
  2511 | D:3      | Reached skill level 3 in Long Blades
  2538 | D:3      | Found a glowing golden altar of the Shining One.
  2959 | D:4      | Noticed Blork the orc
  2966 | D:4      | Killed Blork the orc
  3073 | D:4      | Gained mutation: You cannot be stealthy. [Ru sacrifice]
  3255 | D:4      | Reached skill level 4 in Long Blades
  3255 | D:4      | Reached XP level 6. HP: 43/43 MP: 6/6
  3393 | D:4      | Reached skill level 5 in Dodging
  3816 | D:4      | Found a staircase to the Ecumenical Temple.
  3823 | Temple   | Entered the Ecumenical Temple
  4424 | D:5      | Entered Level 5 of the Dungeon
  4588 | D:5      | Noticed Menkaure
  4594 | D:5      | Killed Menkaure
  4595 | D:5      | Reached skill level 5 in Long Blades
  4595 | D:5      | Reached XP level 7. HP: 27/48 MP: 7/7
  4727 | D:5      | Found an ornate altar of the Wu Jian Council.
  5442 | D:6      | Reached skill level 6 in Long Blades
  5621 | D:6      | You fall into a shaft and drop 2 floors!
  5647 | D:7      | Noticed Pikel
  5661 | D:7      | Killed Pikel
  5662 | D:7      | Reached skill level 5 in Fighting
  5662 | D:7      | Reached skill level 7 in Long Blades
  5662 | D:7      | Reached XP level 8. HP: 25/55 MP: 8/8
  6034 | D:7      | Gained mutation: You are somewhat unskilled. (-1 Apt) [Ru
                  | sacrifice]
  6034 | D:7      | Reached * piety under Ru
  6034 | D:7      | Reached ** piety under Ru
  6126 | D:7      | Reached XP level 9. HP: 60/60 MP: 9/9
  6132 | D:7      | Reached skill level 5 in Fighting
  6434 | D:6      | Got a bloodstained quarterstaff
  6435 | D:6      | Identified the +9 quarterstaff of No Interval {flame,
                  | Stlth+} (You found it on level 6 of the Dungeon)
  6471 | D:6      | Reached skill level 8 in Long Blades
  6882 | D:7      | Found an ancient bone altar of Kikubaaqudgha.
  7215 | D:8      | Found a staircase to the Lair.
  7540 | D:8      | Noticed Erica
  7563 | D:8      | Killed Erica
  7564 | D:8      | Reached skill level 9 in Long Blades
  7589 | D:8      | Reached XP level 10. HP: 40/68 MP: 10/10
  7832 | D:8      | Found a glowing silver altar of Zin.
  7833 | D:8      | Noticed an angel
  7954 | D:8      | Gained mutation: Your body sometimes deteriorates upon
                  | taking damage. [potion of mutation]
  7954 | D:8      | Gained mutation: You are clumsy. (Dex -2) [potion of
                  | mutation]
  7954 | D:8      | Gained mutation: You have a pair of small antennae on your
                  | head. [potion of mutation]
  7954 | D:8      | Gained mutation: You are somewhat resistant to further
                  | mutation. [potion of mutation]
  7988 | D:9      | Found a staircase to the Orcish Mines.
  8020 | D:9      | Mangled by a yak

Illustrated notes

Levels and vault maps discovered:
D:1:      dpeg_arrival_round_c, layout_loops_ring, nrook_loot_triangle
D:2:      layout_basic, lemuel_doored_altar, amethyst_overflow_temple_binary,
          minmay_misc_feat_four_crosses, uniq_terence
D:3:      layout_loops_ring, grunt_temple_overflow_opulence, tso_metal_star
D:4:      layout_basic, minmay_temple_entry_trees, serial_forest,
          infiniplex_forest_zigzag_1, infiniplex_forest_clump_medium,
          infiniplex_forest_end_1, infiniplex_forest_lined_3_way,
          infiniplex_forest_diagonal, infiniplex_forest_lined_room_3,
          infiniplex_forest_straight_5, infiniplex_forest_lined_corner,
          uniq_blork_the_orc
D:5:      layout_basic, lemuel_coloured_pillars_altar, uniq_menkaure
D:6:      layout_basic
D:7:      layout_basic, kiku_gazebo_garden_becter, chequers_garden, uniq_pikel
D:8:      layout_basic, zin_angel, lair_entry_dummy, uniq_erica
D:9:      layout_loops_corners, orc_0_dummy, serial_shops, shop_scrolls, shop,
          nicolae_shop_waterfront, kennysheep_mini, shop, minmay_misc_feat_tiny,
          nicolae_transmutations_shop, nicolae_two_hexagons,
          yredelemnul_altar_generic
Temple:   eino_temple_water

Skill      XL: |  1  2  3  4  5  6  7  8  9 |
---------------+----------------------------+-----
Dodging        | 4 5 6 7 |  7.3
Long Blades    | 4 5 7 9 |  9.6
Fighting       | 4 5 4 6 |  6.1
Shields        | 2 |  2.6

Action                   |  1- 3 |  4- 6 |  7- 9 | 10-12 || total
-------------------------+-------+-------+-------+-------++-------
Melee: Long sword        |    49 |    49 |       |       ||    98
       Constrict         |    19 |    25 |    51 |       ||    95
       Tentacles         |    16 |    34 |    49 |     1 ||   100
       Scimitar          |       |    61 |    90 |       ||   151
       Great sword       |       |       |    61 |     9 ||    70
Invok: Sacrifice Stealth |       |     1 |       |       ||     1
       Sacrifice Skill   |       |       |     1 |       ||     1
  Use: Scroll            |     4 |     4 |     5 |     5 ||    18
       Potion            |       |     3 |     3 |     1 ||     7
 Stab: Sleeping          |     5 |     5 |       |       ||    10
Armor: Skin              |     2 |    14 |    28 |     2 ||    46
Dodge: Dodged            |    26 |    62 |   106 |    21 ||   215
       Rpst.: Long sword |     7 |    10 |       |       ||    17
       Scimitar          |       |     5 |    15 |       ||    20
       Great sword       |       |       |    21 |     4 ||    25

Table legend: (Time is in decaauts)
 A = Elapsed time spent in this place.
 B = Non-inter-level travel time spent in this place.
 C = Inter-level travel time spent in this place.
 D = Time resting spent in this place.
 E = Time spent auto-exploring this place.
 F = Levels seen in this place.
 G = Mean time per level.
                   A        B        C        D        E       F      G
               +--------+--------+--------+--------+--------+-----+--------+
         Total |   8086 |   7856 |    230 |   1611 |   5342 |  10 |  808.6 |
       Dungeon |   7633 |   7431 |    202 |   1611 |   4918 |   9 |  848.1 |
        Temple |    452 |    424 |     28 |      0 |    424 |   1 |  452.0 |
               +--------+--------+--------+--------+--------+-----+--------+

Top non-repeatable levels by time:
     D:2: 1395 daAuts
     D:7: 1097 daAuts
     D:4: 1057 daAuts
     D:5: 976 daAuts
     D:1: 871 daAuts
     D:8: 798 daAuts
     D:6: 710 daAuts
     D:3: 682 daAuts
  Temple: 452 daAuts
     D:9: 44 daAuts
